 Dungeon Crawl Stone Soup version 0.30-a0-389-g8d7d949f56 (webtiles) character file.

Game seed: 13371632334796729000

16467 experimilk the Thaumaturge (level 12, -5/81 HPs)
             Began as a Pale Draconian Conjurer on Dec 3, 2022.
             Was a Priest of Vehumet.
             Killed from afar by Azrael (22 damage)
             ... with a fireball
             ... on level 12 of the Dungeon.
             The game lasted 00:54:14 (18556 turns).

experimilk the Thaumaturge (DrCj)                  Turns: 18556, Time: 00:54:15

Health: -5/81      AC: 13    Str:  9    XL:     12   Next: 10%
Magic:  12/28      EV: 12    Int: 23    God:    Vehumet [***...]
Gold:   733        SH:  5    Dex: 11    Spells: 15/35 levels left

rFire   . . .      SeeInvis .    L - +3 scimitar (flame)
rCold   . . .      Faith    .    q - +1 buckler
rNeg    . . .      Spirit   .    (body armour unavailable)
rPois   +          Reflect  .    y - +2 hat
rElec   .          Harm     .    (no cloak)
rCorr   .          Rampage  .    (no gloves)
Will    .....                    D - +2 pair of boots
Stlth   ++........               m - amulet of the acrobat
HPRegen 0.33/turn                l - ring of poison resistance
MPRegen 0.21/turn                (no ring)

@: short of breath
A: breathe steam, AC +8, unfitting armour, cold-blooded, steam resistance
a: Breathe Steam, Renounce Religion


You were on level 12 of the Dungeon.
You worshipped Vehumet.
Vehumet was most pleased with you.
You visited 2 branches of the dungeon, and saw 13 of its levels.
You also visited: Sewer.

You collected 733 gold pieces.

Inventory:

Hand Weapons
 L - a +3 scimitar of flaming (weapon)
Missiles
 r - a throwing net
Armour
 q - a +1 buckler (worn)
 v - a +0 kite shield
 y - a +2 hat (worn)
 D - a +2 pair of boots (worn)
Jewellery
 l - a ring of poison resistance (left hand)
 m - an amulet of the acrobat (around neck)
Wands
 B - a wand of charming (6)
 F - a wand of digging (5)
 H - a wand of acid (19)
 J - a wand of flame (22)
Scrolls
 b - 8 scrolls of teleportation
 c - 2 scrolls of poison
 g - a scroll of summoning
 h - 2 scrolls of immolation
 i - 4 scrolls of fear
 n - 2 scrolls of butterflies
 o - 8 scrolls of blinking
 p - 2 scrolls of noise {unknown}
 s - 2 scrolls of vulnerability
 E - 3 scrolls of silence
 I - a scroll of acquirement {unknown}
 K - a scroll of amnesia
Potions
 a - a potion of degeneration {unknown}
 d - 3 potions of mutation
 e - 2 potions of heal wounds
 f - 7 potions of curing
 j - 2 potions of brilliance
 k - 4 potions of attraction
 t - 5 potions of flight
 u - 2 potions of cancellation
 w - 2 potions of invisibility {unknown}
 x - a potion of might {unknown}
 z - 2 potions of magic
 A - 3 potions of haste
 C - a potion of ambrosia {unknown}
 G - a potion of berserk rage {unknown}


   Skills:
 - Level 3.0 Dodging
 - Level 1.7 Stealth
 - Level 3.0 Shields
 - Level 12.0 Spellcasting
 + Level 10.9 Conjurations
 - Level 3.0 Translocations
 + Level 11.2 Air Magic


You had 15 spell levels left.
You knew the following spells:

 Your Spells              Type           Power      Damage    Failure   Level
a - Vhi's Electric Charg  Tloc/Air       92%        N/A       1%          3
b - Magic Dart            Conj           100%       1d8       1%          1
d - Arcjolt               Conj/Air       29%        1d39      1%          5
s - Lightning Bolt        Conj/Air       29%        1d46      1%          5
x - Iskenderun's Mystic   Conj/Tloc      45%        2d10      1%          4
z - Searing Ray           Conj           100%       2d8       1%          2

Your spell library contained the following spells:

 Spells                   Type           Power      Damage    Failure   Level
 Olgreb's Toxic Radiance  Pois           13%        N/A       16%         4
 Static Discharge         Conj/Air       100%       2-7/arc   1%          2
 Dazzling Flash           Conj/Hex       76%        N/A       1%          3
 Fulminant Prism          Conj/Hex       19%        3d10      1%          4
 Frozen Ramparts          Ice            26%        1d4       5%          3
 Ensorcelled Hibernation  Hex/Ice        26%        N/A       9%          2
 Spider Form              Tmut/Pois      13%        N/A       19%         3
 Starburst                Conj/Fire      19%        6d7       24%         6
 Anguish                  Hex/Necr       6%         N/A       52%         4
 Ice Form                 Ice/Tmut       13%        N/A       52%         4
 Summon Ice Beast         Ice/Summ       13%        N/A       52%         4


Dungeon Overview and Level Annotations

Branches:
Dungeon (12/15)            Temple (1/1) D:6            Lair (0/5) D:10
    Orc (0/2) D:11          Sewer (visited)

Altars:
Ashenzari
Cheibriados
Dithmenos
Elyvilon
Fedhas
Gozag
Hepliaklqana
Kikubaaqudgha
Makhleb
Nemelex Xobeh
Okawaru
Qazlal
Ru
Sif Muna
Trog
Uskayaw
Vehumet
Wu Jian
Xom
Yredelemnul
Zin
The Shining One

Annotations:
D:3 2 runed translucent doors, pigah's ghost, amateur OpWn
D:10 4 transporters
D:12 Azrael


Innate Abilities, Weirdness & Mutations

You can breathe blasts of scalding, opaque steam.
Your pale cyan-grey scales are hard. (AC +8)
You cannot fit into any form of body armour.
You are cold-blooded and may be slowed by cold attacks.
You are immune to the effects of steam.


Message History

You charge forward with an electric crackle!
You completely miss Azrael.
The hell hound bites you but does no damage.
A hell hound comes into view.
Azrael gestures at you. The bolt of fire hits you!! Azrael gestures at you.
The fireball explodes!
The fireball engulfs you!!
The fireball engulfs the hell hound.
The hell hound completely resists.
The fireball engulfs Azrael.
Azrael completely resists.
The fireball engulfs the hell hound.
The hell hound completely resists.
Casting: Vhi's Electric Charge (safe; 1% risk of failure)
Confirm with . or Enter, or press ? or * to list all spells.
Electricity surges outward!
Azrael is moderately wounded.
You kill the hell hound!
Vehumet accepts your kill.
The hell hound is lightly wounded.
The hell hound is severely wounded.
You hear a bark!
The hell hound breathes flames at you. The blast of flame hits you!
* * * LOW HITPOINT WARNING * * *
A hell hound comes into view.
The hell hound barely misses you. Azrael hits you but does no damage.
Unknown command.
Casting: Arcjolt (dangerous; 1% risk of failure)
Confirm with . or Enter, or press ? or * to list all spells.
Electricity surges outward!
Azrael is heavily wounded.
You kill the hell hound!
Vehumet accepts your kill.
You feel your power returning.
You kill the hell hound!
Vehumet accepts your kill.
You feel your power returning.
The hell hound is moderately wounded.
Azrael gestures at you.
The fireball explodes!
The fireball engulfs you!!
You die...

.... ............#..#....####
.... ........>...#..##(...... ...
############....#...#......# ###
#.....#....#....#...#......#
......†..>.#....#...#......#
#########..##....#..##......#
#.......#..#§....############
#####.......#..°.§...#...#..#....
............+..#@§...'...'..'....
.......)....##+#R†...#..##..###.#
...<.######))...h##############.#
.....# #...)..# #....... .....#
+......# #....... .....+ #......#
#....... .....# #.)....# +.......
.....# #......#### #...##..
....## ###....#..## #...##..


You could see Azrael and a hell hound.

Vanquished Creatures
  Erica (D:9)
  A centaur warrior (D:12)
  A two-headed ogre (D:12)
  Pikel (D:7)
  A deep elf pyromancer (D:12)
  An ugly thing (D:12)
  A cyclops (D:12)
  A manticore (D:11)
  2 gargoyles
  Maggie (D:7)
  A komodo dragon (D:10)
  2 trolls
  2 hornets
  Grinder (Sewer)
  3 slime creatures (D:12)
  Sigmund (D:3)
  3 wraiths
  A shadow (D:12)
  2 vampires
  11 yaks
  2 steam dragons
  8 vampire mosquitoes (D:10)
  2 acid dragons
  Duvessa (D:4)
  4 hell hounds (D:12)
  4 water moccasins
  3 ice beasts
  A sky beast (D:5)
  7 orc warriors
  4 black bears (D:10)
  11 centaurs
  2 kobold brigands
  6 bullfrogs
  3 necrophages
  3 scorpions (D:5)
  8 wights
  Dowan (D:4)
  11 killer bees
  An electric eel (D:7)
  A howler monkey (D:11)
  A hound (D:4)
  A jelly (D:5)
  13 orc priests
  5 iguanas
  10 orc wizards
  8 adders
  5 gnolls
  5 shadow imps
  5 ufetubi (Sewer)
  A worm (D:2)
  A dart slug (D:4)
  34 orcs
  11 ball pythons
  A bat (D:3)
  2 bat zombies (Sewer)
  10 endoplasms
  11 giant cockroaches
  4 hobgoblins
  7 jackals
  22 kobolds
  3 quokkas
  2 frilled lizards (D:2)
  A giant cockroach zombie (Sewer)
  2 goblins
  2 kobold zombies (Sewer)
  2 rats
290 creatures vanquished.

Vanquished Creatures (others)
  33 fungi (D:10)
  40 plants (D:10)
73 creatures vanquished.

Grand Total: 363 creatures vanquished

Notes
Turn   | Place    | Note
-------+----------+-------------------------------------------
     0 | D:1      | experimilk the Draconian Conjurer began the quest for the
                  | Orb.
     0 | D:1      | Reached XP level 1. HP: 14/14 MP: 3/3
   383 | D:1      | Reached XP level 2. HP: 20/20 MP: 0/5
   386 | D:1      | Learned a level 2 spell: Searing Ray
  1011 | D:2      | Reached skill level 5 in Conjurations
  1011 | D:2      | Reached XP level 3. HP: 20/26 MP: 0/6
  1314 | D:2      | Found a sacrificial altar of Ru.
  1838 | D:3      | Reached XP level 4. HP: 12/33 MP: 4/7
  2032 | D:3      | Found a burning altar of Makhleb.
  2032 | D:3      | Noticed a green death
  2066 | D:3      | Found a faded altar of an unknown god.
  2098 | D:3      | Noticed Sigmund
  2535 | D:3      | Found a runed translucent door.
  2540 | D:3      | Noticed pigah's ghost (amateur OpWn)
  2553 | D:3      | Found a runed translucent door.
  2594 | D:3      | Learned a level 4 spell: Iskenderun's Mystic Blast
  2983 | D:3      | Reached XP level 5. HP: 38/38 MP: 2/8
  3611 | D:3      | Killed Sigmund
  3612 | D:3      | Reached XP level 6. HP: 40/45 MP: 1/9
  4157 | D:4      | Found a glowing drain.
  4234 | Sewer    | Entered a sewer
  4449 | Sewer    | Your scales start taking on a pale cyan-grey colour.
  4449 | Sewer    | Reached XP level 7. HP: 50/50 MP: 5/10
  4449 | Sewer    | Gained mutation: You are immune to the effects of steam.
                  | [Pale Draconian growth]
  4499 | Sewer    | Learned a level 3 spell: Vhi's Electric Charge
  4825 | Sewer    | Found an ancient bone altar of Kikubaaqudgha.
  4902 | Sewer    | Noticed Grinder
  4907 | Sewer    | Killed Grinder
  4908 | Sewer    | Reached skill level 1 in Translocations
  4908 | Sewer    | Reached skill level 1 in Air Magic
  4977 | Sewer    | Reached skill level 3 in Spellcasting
  5533 | D:4      | Reached XP level 8. HP: 56/57 MP: 7/12
  5775 | D:4      | Noticed Duvessa
  5775 | D:4      | Noticed Dowan
  5783 | D:4      | Killed Duvessa
  5796 | D:4      | Killed Dowan
  6010 | D:4      | Found a sacrificial altar of Ru.
  6011 | D:4      | Found an opulent altar of Gozag.
  6011 | D:4      | Found an ornate altar of the Wu Jian Council.
  6164 | D:5      | Entered Level 5 of the Dungeon
  6193 | D:5      | Reached skill level 1 in Shields
  6422 | D:5      | Reached skill level 4 in Spellcasting
  7390 | D:5      | Reached skill level 5 in Spellcasting
  7455 | D:5      | Learned a level 5 spell: Lightning Bolt
  7815 | D:5      | Identified the +0 robe of Resonant Curiosity {rElec Regen+
                  | Stlth+}
  8125 | D:5      | Reached XP level 9. HP: 42/62 MP: 1/17
  8469 | D:6      | Reached skill level 5 in Air Magic
  8544 | D:6      | Found a staircase to the Ecumenical Temple.
  8553 | Temple   | Entered the Ecumenical Temple
  8558 | Temple   | Became a worshipper of Vehumet
  9273 | D:7      | Reached skill level 6 in Spellcasting
  9866 | D:7      | Noticed Maggie
  9879 | D:7      | Killed Maggie
  9970 | D:7      | Noticed Pikel
  9977 | D:7      | Killed Pikel
  9978 | D:7      | Reached skill level 7 in Spellcasting
 10198 | D:7      | Found a sparkling altar of Nemelex Xobeh.
 10537 | D:7      | Found a basalt altar of Yredelemnul.
 10797 | D:7      | Found a white marble altar of Elyvilon.
 10962 | D:8      | Learned a level 5 spell: Arcjolt
 11018 | D:8      | Reached skill level 8 in Spellcasting
 11018 | D:8      | Reached XP level 10. HP: 69/69 MP: 0/22
 11566 | D:8      | Reached * piety under Vehumet
 11566 | D:8      | Offered knowledge of Kiss of Death by Vehumet.
 12792 | D:9      | Reached skill level 9 in Spellcasting
 13603 | D:9      | Noticed Erica
 13624 | D:9      | Killed Erica
 14109 | D:10     | Entered Level 10 of the Dungeon
 14138 | D:10     | Found a transporter.
 14159 | D:10     | Found a transporter.
 14172 | D:10     | Offered knowledge of Poisonous Vapours by Vehumet.
 14190 | D:10     | Reached ** piety under Vehumet
 14769 | D:10     | Reached XP level 11. HP: 74/74 MP: 1/24
 14798 | D:10     | Reached skill level 10 in Spellcasting
 15359 | D:10     | Found a staircase to the Lair.
 15489 | D:10     | Offered knowledge of Inner Flame by Vehumet.
 15490 | D:10     | Reached skill level 10 in Air Magic
 15741 | D:10     | Found a transporter.
 15850 | D:10     | Found a transporter.
 16025 | D:11     | Reached skill level 10 in Conjurations
 16119 | D:11     | Reached *** piety under Vehumet
 16725 | D:11     | Found a staircase to the Orcish Mines.
 17181 | D:12     | Noticed a cyan ugly thing
 17182 | D:12     | Reached skill level 11 in Spellcasting
 17192 | D:12     | Killed a cyan ugly thing
 17788 | D:12     | Noticed a deep elf pyromancer
 17796 | D:12     | Killed a deep elf pyromancer
 17873 | D:12     | Noticed a centaur warrior
 17876 | D:12     | Killed a centaur warrior
 17957 | D:12     | Offered knowledge of Olgreb's Toxic Radiance by Vehumet.
 18057 | D:12     | Reached XP level 12. HP: 79/81 MP: 13/27
 18191 | D:12     | Noticed a two-headed ogre
 18195 | D:12     | Killed a two-headed ogre
 18196 | D:12     | Reached skill level 12 in Spellcasting
 18553 | D:12     | Noticed Azrael
 18556 | D:12     | Killed from afar by Azrael

Illustrated notes

Levels and vault maps discovered:
D:1:      onia_arrival_pyramid, layout_rooms, minmay_pentomino_x2
D:2:      layout_loops_ring, basic_altar
D:3:      layout_basic, makhleb_altar_promises_db, ebering_ghost_sewer_f,
          hellmonk_ecumenical_altar_slurped_away, corexii_leaking_fountain,
          skrybe_limestone_x, uniq_sigmund
D:4:      layout_cave_pools, minitemple, portal_sewer_entry_f, uniq_duvessa
D:5:      layout_loops_corners
D:6:      layout_rooms, minmay_temple_entry_glass, dreamdust_mushroom_princess,
          nicolae_concentric_dashed_squares_mild,
          hangedman_abyss_or_decor_stabs, due_unseen_surprise, uniq_grinder
D:7:      layout_loops_cross, kennysheep_ying_yang, lemuel_crystal_altar,
          minivault_25, minmay_misc_feat_enclosed, lightli_minifort,
          uniq_maggie, uniq_pikel
D:8:      layout_basic, minmay_misc_feat_iff
D:9:      layout_irregular_city, minmay_holes, david_defended_altar_orc,
          uniq_erica
D:10:     layout_basic, due_lair_maze_entry_diamond,
          nicolae_transporter_intersection
D:11:     layout_rooms
D:12:     minmay_gate_of_8, layout_gridville, enter_trove_0, uniq_azrael
Temple:   minmay_freezing_vapour_temple

Skill      XL: |  1  2  3  4  5  6  7  8  9 10 11 12 |
---------------+-------------------------------------+-----
Conjurations   | 5 6 7 8 9 10 | 10.9
Translocations | 2 3 |  3.0
Air Magic      | 3 4 7 9 11 | 11.2
Spellcasting   | 3 5 8 9 11 12 | 12.0
Shields        | 3 |  3.0
Dodging        | 3 |  3.0
Stealth        | |  1.7

Action                   |  1- 3 |  4- 6 |  7- 9 | 10-12 || total
-------------------------+-------+-------+-------+-------++-------
Melee: Unarmed           |     2 |       |       |       ||     2
       Punch             |     1 |       |       |       ||     1
       Falchion          |    29 |    43 |    42 |    19 ||   133
       Tailslap          |     5 |     4 |     3 |    17 ||    29
       Scimitar          |       |       |       |    88 ||    88
 Cast: Magic Dart        |    45 |    41 |    71 |    45 ||   202
       Searing Ray       |     9 |    23 |    32 |     9 ||    73
       Vhi's Electric Ch |       |       |    21 |    50 ||    71
       Iskenderun's Myst |       |       |    30 |    46 ||    76
       Lightning Bolt    |       |       |     4 |    41 ||    45
       Arcjolt           |       |       |       |    20 ||    20
 Abil: Breathe Steam     |       |       |    18 |    28 ||    46
Evoke: Wand              |       |       |     1 |     7 ||     8
  Use: Scroll            |     1 |     4 |     9 |    11 ||    25
       Potion            |     1 |       |     1 |     9 ||    11
Armor: Skin              |    15 |    26 |    33 |    68 ||   142
Dodge: Dodged            |    41 |    94 |    94 |   127 ||   356
Block: Buckler           |     2 |    11 |    15 |    47 ||    75

Table legend: (Time is in decaauts)
 A = Elapsed time spent in this place.
 B = Non-inter-level travel time spent in this place.
 C = Inter-level travel time spent in this place.
 D = Time resting spent in this place.
 E = Time spent auto-exploring this place.
 F = Levels seen in this place.
 G = Mean time per level.
                   A        B        C        D        E       F      G
               +--------+--------+--------+--------+--------+-----+--------+
         Total |  18646 |  18283 |    363 |   8905 |   6732 |  14 | 1331.9 |
       Dungeon |  17590 |  17227 |    363 |   8597 |   6215 |  12 | 1465.8 |
        Temple |     20 |     20 |      0 |      0 |      0 |   1 |   20.0 |
         Sewer |   1035 |   1035 |      0 |    308 |    516 |   1 | 1035.0 |
               +--------+--------+--------+--------+--------+-----+--------+

Top non-repeatable levels by time:
     D:5: 2298 daAuts
    D:10: 2114 daAuts
     D:8: 1807 daAuts
     D:2: 1782 daAuts
    D:12: 1462 daAuts
     D:3: 1390 daAuts
     D:4: 1368 daAuts
     D:9: 1361 daAuts
     D:7: 1335 daAuts
     D:6: 1148 daAuts
   Sewer: 1035 daAuts
    D:11: 891 daAuts
     D:1: 628 daAuts
  Temple: 20 daAuts
